 Dungeon Crawl Stone Soup version 0.20.1-2-g1830e616b0 (webtiles) character file.

112 Alfie the Shooter (level 5, -1/40 HPs)
             Began as a Human Hunter on Feb 5, 2020.
             Slain by Alfie's ghost (10 damage)
             ... on level 4 of the Dungeon.
             The game lasted 00:07:48 (2163 turns).

Alfie the Shooter (Human Hunter)                    Turns: 2163, Time: 00:07:49

Health: -1/40      AC:  7    Str: 18    XL:     5   Next: 16%
Magic:  5/5        EV: 12    Int: 11    God:
Gold:   198        SH:  0    Dex: 12    Spells: 4/4 levels left

rFire    . . .     SeeInvis +   a - +1 shortbow
rCold    + . .     Gourm    .   (shield currently unavailable)
rNeg     . . .     Faith    .   c - +1 leather armour
rPois    .         Spirit   .   (no helmet)
rElec    .         Reflect  .   (no cloak)
rCorr    .         Harm     .   (no gloves)
MR       .....                  (no boots)
Stlth    +.........             (no amulet)
Regen    0.2/turn               h - ring of see invisible
MPRegen  0.1/turn               (no ring)

@: mighty
A: iridescent scales 1, rugged brown scales 1, clumsy 1, cold resistance 1
a: no special abilities


You were on level 4 of the Dungeon.
You were full.

You visited 1 branch of the dungeon, and saw 4 of its levels.

You collected 198 gold pieces.

Inventory:

Hand Weapons
 a - a +1 shortbow (weapon)
 b - a +0 short sword
Missiles
 d - 22 arrows (quivered)
 j - 29 poisoned needles
Armour
 c - a +1 leather armour (worn)
Jewellery
 h - a ring of see invisible (left hand)
 n - an uncursed amulet of magic regeneration
Wands
 s - a wand of disintegration (12/24)
Scrolls
 e - a scroll of recharging
 g - a scroll of blinking
 l - 3 scrolls of identify
 p - 3 scrolls of remove curse
 r - a scroll of noise {unknown}
Potions
 m - 2 potions of haste {unknown}
 o - a potion of flight {unknown}
 q - a potion of degeneration {unknown}
 t - a potion of curing {unknown}
Comestibles
 f - 4 bread rations


   Skills:
 + Level 2.6 Fighting
 + Level 5.5 Bows
 + Level 0.8 Armour
 + Level 2.2 Dodging
 + Level 1.2 Stealth


You had 4 spell levels left.
You didn't know any spells.

Dungeon Overview and Level Annotations

Branches:
Dungeon (4/15)
 Temple: D:4-7

Altars:
Elyvilon
Makhleb
Okawaru
Yredelemnul

Annotations:
D:4 Alfie's ghost, novice HuHu


Innate Abilities, Weirdness & Mutations

You are partially covered in iridescent scales. (AC +2)
You are partially covered in rugged brown scales. (AC +1, +3% HP)
You are clumsy. (Dex -2)
Your flesh is cold resistant. (rC+)


Message History

Alfie's ghost is heavily damaged.
Alfie's ghost hits you but does no damage.
Firing (i - inventory):
d - 25 arrows (quivered)
Press: ? - help, Shift-Dir - straight line, f/p - Alfie's ghost
Aim: Alfie's ghost (heavily damaged)
You shoot an arrow. The arrow closely misses Alfie's ghost.
Alfie's ghost misses you.
Firing (i - inventory):
d - 24 arrows (quivered)
Press: ? - help, Shift-Dir - straight line, f/p - Alfie's ghost
Aim: Alfie's ghost (heavily damaged)
You shoot an arrow. The arrow hits Alfie's ghost.
Alfie's ghost is heavily damaged.
Alfie's ghost hits you!
* * * LOW HITPOINT WARNING * * *
Firing (i - inventory):
d - 23 arrows (quivered)
Press: ? - help, Shift-Dir - straight line, f/p - Alfie's ghost
Aim: Alfie's ghost (heavily damaged)
You shoot an arrow. The arrow closely misses Alfie's ghost.
Alfie's ghost hits you!
You die...

#.(# #..#
##..##
#....#
#[...#
#..(.#
#..W.##
#..@<.#
#.......#
#......##
##...###
...##
###.# #..
##.


You could see Alfie's ghost.

Vanquished Creatures
  Ijyb (D:3)
  Terence (D:2)
  An ooze (D:1)
  2 leopard geckos
  An orc (D:3)
  4 bats
  2 giant cockroaches (D:3)
  8 goblins
  8 hobgoblins
  7 jackals
  A quokka (D:2)
  5 frilled lizards
  6 kobolds
  3 rats
50 creatures vanquished.

Notes
Turn   | Place    | Note
-------+----------+-------------------------------------------
     0 | D:1      | Alfie the Human Hunter began the quest for the Orb.
     0 | D:1      | Reached XP level 1. HP: 16/16 MP: 1/1
    14 | D:1      | Reached XP level 2. HP: 22/22 MP: 2/2
   405 | D:1      | Reached XP level 3. HP: 27/27 MP: 3/3
   736 | D:2      | Found an iron altar of Okawaru.
   823 | D:2      | Noticed Terence
   847 | D:2      | Gained mutation: You are partially covered in rugged brown scales. (AC +1, +3% HP) [potion of mutation]
   847 | D:2      | Gained mutation: You are partially covered in iridescent scales. (AC +2) [potion of mutation]
   847 | D:2      | Gained mutation: You are clumsy. (Dex -2) [potion of mutation]
   847 | D:2      | Gained mutation: Your flesh is cold resistant. (rC+) [potion of mutation]
   853 | D:2      | Killed Terence
   853 | D:2      | Reached skill level 5 in Bows
   853 | D:2      | Reached XP level 4. HP: 9/35 MP: 4/4
  1243 | D:2      | Found a burning altar of Makhleb.
  1243 | D:2      | Noticed a blizzard demon
  1317 | D:2      | Found a white marble altar of Elyvilon.
  1438 | D:2      | Found a basalt altar of Yredelemnul.
  1908 | D:3      | Noticed Ijyb
  1920 | D:3      | Killed Ijyb
  1920 | D:3      | Reached XP level 5. HP: 22/40 MP: 5/5
  2147 | D:4      | Noticed Alfie's ghost (novice HuHu)
  2163 | D:4      | Slain by Alfie's ghost

Skill      XL: |  1  2  3 |
---------------+----------+-----
Bows           | 5 |  5.5
Fighting       | |  2.6
Armour         | |  0.8
Dodging        | |  2.2
Stealth        | |  1.2

Action                   |  1- 3 |  4- 6 || total
-------------------------+-------+-------++-------
 Fire: Shortbow          |    78 |    80 ||   158
  Use: Scroll            |     6 |     2 ||     8
       Potion            |     1 |     2 ||     3
  Eat: Royal jelly       |       |     1 ||     1
       Fruit             |       |     1 ||     1
       Meat ration       |       |     1 ||     1
Armor: Leather armour    |    12 |     4 ||    16
Dodge: Dodged            |    21 |    13 ||    34
